 Dungeon Crawl Stone Soup version 0.21-a0-442-g848f44b (webtiles) character file.

30143 theanonym the Severer (level 13, -1/183 HPs)
             Began as a Minotaur Chaos Knight on Nov 16, 2017.
             Succumbed to poison (poison gas)
             ... on level 5 of the Lair of Beasts.
             The game lasted 00:35:27 (13266 turns).

theanonym the Severer (Minotaur Chaos Knight)      Turns: 13266, Time: 00:35:28

Health: -1/183     AC: 21    Str: 30    XL:     13   Next: 19%
Magic:  12/12      EV: 16    Int:  7    God:    Xom [......]
Gold:   987        SH: 10    Dex: 15    Spells: 12/12 levels left

rFire    + . .     SeeInvis +   a - +7 hand axe "Josoathu" {chop, SInv}
rCold    . . .     Gourm    .   r - +0 shield
rNeg     . . .     Faith    .   h - +2 plate armour {rF+} {god gift}
rPois    .         Spirit   .   (helmet restricted)
rElec    +         Reflect  .   O - +0 cloak
rCorr    +         Harm     .   w - +0 pair of gloves
MR       .....                  B - +0 pair of boots {god gift}
Stlth    ..........             (no amulet)
HPRegen  0.40/turn              z - ring of Qaimm {rCorr rElec Str+3 Stlth+}
MPRegen  0.13/turn              k - +6 ring of slaying

@: mighty, agile, berserking, lethally poisoned (-1 -> -86), very quick
A: retaliatory headbutt, horns 2, talons 1, dopey 1
a: Renounce Religion


Innate Abilities, Weirdness & Mutations

You reflexively headbutt those who attack you in melee.
You have a pair of horns on your head.
You have sharp toenails.
You are dopey. (Int -2)


   Skills:
 + Level 13.1 Fighting
 + Level 17.8 Axes
 + Level 10.2 Armour
 + Level 9.2 Dodging
 + Level 3.5 Shields


You had 12 spell levels left.
You didn't know any spells.

Skill      XL: |  1  2  3  4  5  6  7  8  9 10 11 12 13 |
---------------+----------------------------------------+-----
Axes           | 4 5 6 8 9 11 12 14 15 16 17 | 17.8
Fighting       | 5 7 9 10 11 12 13 | 13.1
Armour         | 5 7 10 | 10.2
Dodging        | 4 6 9 |  9.2
Shields        | 2 3 |  3.5

Action                   |  1- 3 |  4- 6 |  7- 9 | 10-12 | 13-15 || total
-------------------------+-------+-------+-------+-------+-------++-------
Melee: Hand axe          |    94 |    64 |   157 |   472 |    29 ||   816
       Headbutt          |     8 |    13 |    26 |    79 |     7 ||   133
 Fire: Blowgun           |       |       |       |     4 |       ||     4
Throw: Javelin           |       |     4 |    31 |    34 |       ||    69
Evoke: Wand              |       |     2 |     3 |    27 |       ||    32
       Phantom mirror    |       |       |       |     1 |       ||     1
  Use: Scroll            |     3 |     4 |     4 |     5 |     1 ||    17
       Potion            |       |     2 |     3 |     5 |     7 ||    17
 Stab: Sleeping          |     1 |       |       |       |       ||     1
       Paralysed         |       |       |     3 |     7 |       ||    10
       Confused          |       |       |     1 |       |       ||     1
  Eat: Chunk             |     1 |     4 |     9 |    12 |       ||    26
       Fruit             |       |       |     2 |     1 |       ||     3
       Meat ration       |       |       |       |     2 |       ||     2
Armor: Leather armour    |    28 |     3 |       |       |       ||    31
       Chain mail        |       |    21 |    18 |       |       ||    39
       Plate armour      |       |       |    30 |   239 |    17 ||   286
Dodge: Dodged            |    42 |    16 |    31 |   141 |    15 ||   245
Block: Shield            |       |       |       |    21 |    14 ||    35

Inventory:

Hand Weapons
 a - the +7 hand axe "Josoathu" (weapon) {chop, SInv}
   (You found it on level 4 of the Dungeon)

   It inflicts extra damage upon your enemies.
   It lets you see invisible.
 b - a +0 blowgun
   (You took it off a kobold on level 10 of the Dungeon)
Missiles
 f - 11 javelins (quivered)
 i - 4 tomahawks
 l - 3 throwing nets
 U - 98 poisoned needles
Armour
 h - a +2 plate armour of fire resistance (worn) {god gift}
   (Xom gifted it to you on level 6 of the Dungeon)
 r - a +0 shield (worn)
   (You found it on level 5 of the Lair of Beasts)
 w - a +0 pair of gloves (worn)
   (You found it on level 3 of the Dungeon)
 B - a +0 pair of boots (worn) {god gift}
   (Xom gifted it to you on level 4 of the Dungeon)
 K - a +0 large shield
   (You found it on level 7 of the Dungeon)
 O - a +0 cloak (worn)
   (You took it off Maurice on level 8 of the Dungeon)
Jewellery
 k - a +6 ring of slaying (right hand)
   (You found it on level 5 of the Dungeon)
 z - the ring of Qaimm (left hand) {rCorr rElec Str+3 Stlth+}
   (You found it on level 5 of the Lair of Beasts)

   [ring of resist corrosion]

   It affects your strength (+3).
   It insulates you from electricity.
   It makes you more stealthy.
 T - an uncursed ring of positive energy {rN+}
   (You found it on level 8 of the Dungeon)
Wands
 d - a wand of digging (4/24)
   (You found it on level 9 of the Dungeon)
 v - a wand of acid (4/15)
   (You found it on level 3 of the Dungeon)
 x - a wand of iceblast (0/15)
   (You found it on level 3 of the Dungeon)
 P - a wand of polymorph (7/24)
   (You took it off Maurice on level 8 of the Dungeon)
 X - a wand of paralysis (9/24)
   (You took it off a gnoll on level 7 of the Dungeon)
Scrolls
 m - a scroll of summoning {unknown}
 s - 7 scrolls of remove curse
 F - 2 scrolls of magic mapping {!r}
 I - a scroll of enchant weapon {unknown}
 J - a scroll of recharging
 M - a scroll of blinking {unknown}
 N - a scroll of vulnerability {unknown}
 W - 2 scrolls of teleportation {unknown}
Potions
 e - 4 potions of flight
 g - a potion of cancellation
 j - a potion of might
 o - 5 potions of degeneration
 t - 3 potions of brilliance
 u - 2 potions of haste
 A - 2 potions of curing
 C - a potion of agility
 D - a potion of ambrosia {unknown}
 Q - a potion of mutation {unknown}
 R - a potion of invisibility {unknown}
 S - 2 potions of resistance {unknown}
Comestibles
 c - 9 bread rations
 n - 20 royal jellies
 p - 5 meat rations
 Z - 18 chunks of flesh

Dungeon Overview and Level Annotations

Branches:
Dungeon (10/15)            Temple (0/1) D:7            Lair (5/6) D:9
 Shoals (0/4) Lair:3       Spider (0/4) Lair:4          Orc (0/2) D:10
  Slime: Lair:5-6

Altars:
Ashenzari
Elyvilon
Kikubaaqudgha
Makhleb
Okawaru
Qazlal
Vehumet
Xom
Beogh

Shops:
D:5 (}}

Portals:
Trove: D:10 (give 22 scrolls of identify)

Annotations:
D:4 Sigmund
D:9 exclusions: 2 electric eels and 5 more exclusions
Lair:5 zero's ghost, journeyman GrBe


You were on level 5 of the Lair of Beasts.
You worshipped Xom.
You were a very special plaything of Xom.
You were not hungry.

You visited 2 branches of the dungeon, and saw 15 of its levels.

You collected 987 gold pieces.


Message History

Unknown command.
Unknown command.
Unknown command.
Unknown command.
Unknown command.
Unknown command.
Unknown command.
Unknown command.
Unknown command.
Unknown command.
Unknown command.
Okay, then.
Unknown command.
As you read the scroll labeled KOHUBL IDIMEMM, it crumbles to dust.
This is a scroll of acquirement! [a] Weapon [b] Armour [c] Jewellery [d] Book [e] Staff [f] Evocables [g] Food [h] Gold What kind of item would you like to acquire? (\ to view known items)
Something appears at your feet!
Xom is mildly amused.
You are engulfed in poison gas.
You are more poisoned.
* * * LOW HITPOINT WARNING * * *
x2 You feel extremely sick.
The black mamba misses you.
The soldier ant is engulfed in poison gas.
The soldier ant looks even sicker.
Zero's ghost whispers, "Meet the emptiness of death!"
You block the black mamba's attack.
You take 14 damage, and have 9/122 hp.
Unknown command.
Unknown command.
Unknown command.
Unknown command.
Unknown command.
Unknown command.
Unknown command.
Unknown command.
Unknown command.
Okay, then.
You feel much better.
You are engulfed in poison gas.
You are more poisoned.
* * * LOW HITPOINT WARNING * * *
You are no longer corroded.
* * * LOW HITPOINT WARNING * * *
You feel extremely sick. The black mamba completely misses you.
The soldier ant is engulfed in poison gas.
The soldier ant looks even sicker.
The soldier ant barely misses you.
You regained 9 hp, and now have 18/122 hp.
A red film seems to cover your vision as you go berserk!
You feel yourself moving faster!
You feel mighty!
You are engulfed in poison gas.
You are more poisoned.
* * * LOW HITPOINT WARNING * * *
x2 You feel extremely sick.
The black mamba bites you but does no damage.
The queen ant is engulfed in poison gas.
The queen ant looks even sicker.
The soldier ant is engulfed in poison gas.
The soldier ant looks as sick as possible!
The soldier ant barely misses you.
You now have 15/183 hp.
Unknown command.
Unknown command.
Unknown command.
Unknown command.
Unknown command.
Unknown command.
Unknown command.
Unknown command.
Unknown command.
Unknown command.
Unknown command.
Your plate armour prevents you from hitting the soldier ant.
You hit the queen ant but do no damage. You hit the plant.
* * * LOW HITPOINT WARNING * * *
You feel very sick.
The soldier ant dies!
You take 4 damage, and have 11/183 hp.
You slice the queen ant!! You headbutt the queen ant! You hit the black mamba.
You slash the plant!
* * * LOW HITPOINT WARNING * * *
You feel very sick. You block the black mamba's attack.
You take 3 damage, and have 8/183 hp.
You hit the queen ant but do no damage. You headbutt the queen ant!
You kill the queen ant!
Your plate armour prevents you from hitting the black mamba.
You slash the plant!
You destroy the plant!
* * * LOW HITPOINT WARNING * * *
You feel sick. The black mamba bites you.
* * * LOW HITPOINT WARNING * * *
Xom thinks this is hilarious!
You take 7 damage, and have 1/183 hp.
You hit the soldier ant. Your headbutt misses the soldier ant.
You barely miss the black mamba.
You die...
Xom howls with laughter!

... ......... ...
##........ .... ........
.. ...##...#.. ...
..#.....# ...P
.........P#W.....##....
.............##.....#P....
.............##.@..P......
....>........##§aS.†......
.............###.†..##....
............###a†.†## .
.............#.#.††#
.............a.....#
.........=..#'''#...#
...........##a..##..#
.........###..#. ####


You could see a black mamba, 2 soldier ants and zero's ghost.

Notes
Turn   | Place    | Note
-------+----------+-------------------------------------------
     0 | D:1      | theanonym the Minotaur Chaos Knight began the quest for the Orb.
     0 | D:1      | Reached XP level 1. HP: 19/19 MP: 0/0
     2 | D:1      | Noticed a halfling
     3 | D:1      | XOM: divination: detect items
     4 | D:1      | Noticed a draconian
     4 | D:1      | Noticed a vampire
     6 | D:1      | Noticed a demonspawn
     6 | D:1      | Noticed a formicid
     8 | D:1      | Noticed a minotaur
     8 | D:1      | Noticed a merfolk
    10 | D:1      | Noticed a tengu
    10 | D:1      | Noticed a gargoyle
    12 | D:1      | Noticed a naga
    14 | D:1      | Noticed a troll
    16 | D:1      | Noticed a demigod
    16 | D:1      | Noticed an elf
    18 | D:1      | Noticed an ogre
    18 | D:1      | Noticed a centaur
    20 | D:1      | Noticed a felid
    22 | D:1      | Noticed a vine stalker
    22 | D:1      | Noticed a dwarf
    24 | D:1      | Noticed an octopode
    24 | D:1      | Noticed a spriggan
    26 | D:1      | Noticed a ghoul
    26 | D:1      | Noticed a human
    45 | D:1      | Reached skill level 4 in Axes
   274 | D:1      | Reached XP level 2. HP: 26/26 MP: 1/1
   353 | D:1      | Found a shattered altar of Ashenzari.
   767 | D:1      | XOM: harmless Tloc miscast
   841 | D:2      | Reached skill level 5 in Axes
   841 | D:2      | Reached XP level 3. HP: 31/31 MP: 2/2
   850 | D:2      | XOM: swap monsters
   873 | D:2      | HP: 14/31 [something (5)]
  1127 | D:2      | XOM: 7-stop teleportation journey
  1293 | D:2      | Reached skill level 6 in Axes
  1293 | D:2      | Reached XP level 4. HP: 39/39 MP: 3/3
  1492 | D:3      | HP: 19/39 [poisoned by a kobold]
  1500 | D:3      | HP: 18/39 [poisoned by a kobold]
  1557 | D:3      | XOM: noise
  1565 | D:3      | Noticed Grinder
  1575 | D:3      | Killed Grinder
  1575 | D:3      | Reached skill level 8 in Axes
  1575 | D:3      | Reached XP level 5. HP: 32/45 MP: 4/4
  1575 | D:3      | Reached XP level 6. HP: 36/51 MP: 5/5
  2292 | D:4      | Noticed Sigmund
  2350 | D:4      | XOM: 3-stop teleportation journey
  2411 | D:4      | XOM: enchant monster (good)
  2442 | D:4      | Reached skill level 9 in Axes
  2469 | D:4      | Got a sapphire hand axe
  2470 | D:4      | Identified the +7 hand axe "Josoathu" {chop, SInv} (You found it on level 4 of the Dungeon)
  2487 | D:4      | XOM: noise
  2504 | D:4      | XOM: 1-stop teleportation journey
  2596 | D:4      | Noticed mortelune's ghost (amateur GrFi)
  2609 | D:4      | HP: 22/51 [mortelune's ghost (11)]
  2612 | D:4      | Killed mortelune's ghost
  2612 | D:4      | Reached XP level 7. HP: 36/57 MP: 6/6
  2643 | D:4      | XOM: god gift: pair of boots {god gift}
  2684 | D:4      | XOM: harmless Conj miscast
  2709 | D:4      | XOM: mild Tmut miscast
  2814 | D:5      | Entered Level 5 of the Dungeon
  2826 | D:5      | XOM: mild Erth miscast
  2843 | D:5      | Found Vugapt's Gadget Boutique.
  2852 | D:5      | Reached skill level 10 in Axes
  2853 | D:5      | XOM: cast spell 'Necromutation'
  2855 | D:5      | Reached skill level 4 in Fighting
  3060 | D:5      | Found Gecountost's Gadget Emporium.
  3085 | D:5      | Found Ixaezies's Weapon Boutique.
  3187 | D:5      | XOM: give mutations
  3187 | D:5      | Gained mutation: Your flesh is heat resistant. (rF+) [Xom's mischief]
  3187 | D:5      | Gained mutation: You are dopey. (Int -2) [Xom's mischief]
  3187 | D:5      | Gained mutation: You have sharp toenails. [Xom's mischief]
  3301 | D:5      | Found a stormy altar of Qazlal.
  3311 | D:5      | XOM: swap monsters
  3349 | D:5      | XOM: cloud trail
  3412 | D:6      | XOM: cast spell 'Summon Mana Viper'
  3443 | D:6      | Found a shimmering altar of Xom.
  3460 | D:6      | XOM: divination: detect creatures
  3486 | D:6      | Found a white marble altar of Elyvilon.
  3494 | D:6      | Reached skill level 5 in Fighting
  3494 | D:6      | Reached skill level 11 in Axes
  3494 | D:6      | Reached XP level 8. HP: 38/68 MP: 7/7
  3635 | D:6      | XOM: butterfly on damage
  3639 | D:6      | HP: 28/68 [orc warrior/battleaxe (15)]
  3718 | D:6      | XOM: god gift: glowing plate armour {god gift}
  3872 | D:6      | XOM: 3-stop teleportation journey
  4210 | D:6      | Noticed Prince Ribbit
  4216 | D:6      | Killed Prince Ribbit
  4216 | D:6      | Reached skill level 6 in Fighting
  4393 | D:6      | Reached skill level 12 in Axes
  4503 | D:6      | XOM: harmless Ice miscast
  4957 | D:6      | XOM: summons 4 hostile demons
  5003 | D:7      | Found a staircase to the Ecumenical Temple.
  5068 | D:7      | Reached skill level 7 in Fighting
  5138 | D:7      | XOM is BORED!
  5138 | D:7      | XOM: medium Tloc miscast
  5333 | D:7      | Reached XP level 9. HP: 77/79 MP: 8/8
  5412 | D:7      | Reached skill level 13 in Axes
  5618 | D:8      | Noticed Pikel
  5620 | D:8      | XOM: harmless Air miscast
  5624 | D:8      | Killed Pikel
  5624 | D:8      | Reached skill level 8 in Fighting
  5743 | D:8      | XOM: swap monsters
  5747 | D:8      | Reached skill level 14 in Axes
  5796 | D:8      | Noticed Maurice
  5804 | D:8      | Killed Maurice
  5804 | D:8      | Reached skill level 9 in Fighting
  5939 | D:8      | XOM: mild Tloc miscast
  5963 | D:8      | Found an iron altar of Okawaru.
  5983 | D:8      | Reached XP level 10. HP: 91/91 MP: 9/9
  6059 | D:8      | XOM: give mutations
  6059 | D:8      | Gained mutation: Scrolls take you a little longer to read. [Xom's mischief]
  6059 | D:8      | Lost mutation: Your flesh is heat resistant. (rF+) [Xom's mischief]
  6212 | D:8      | XOM: polymorph sky beast -> rime drake
  6214 | D:8      | Reached skill level 3 in Armour
  6265 | D:8      | Reached skill level 2 in Dodging
  6267 | D:8      | XOM: give mutations
  6267 | D:8      | Gained mutation: Your spells are a little harder to cast, but a little more powerful. [Xom's mischief]
  6267 | D:8      | Gained mutation: You are weak. (Str -2) [Xom's mischief]
  6267 | D:8      | Gained mutation: You occasionally shout uncontrollably at your foes. [Xom's mischief]
  6714 | D:9      | XOM: torment (47/91 hp)
  6717 | D:8      | XOM: give mutation
  6829 | D:8      | XOM: harmless Fire miscast
  6833 | D:8      | XOM: divination: magic mapping
  6959 | D:9      | Reached skill level 15 in Axes
  6993 | D:9      | XOM: harmless Necr miscast
  6997 | D:9      | Found a staircase to the Lair.
  7027 | D:9      | Reached skill level 4 in Armour
  7027 | D:9      | Reached skill level 3 in Dodging
  7133 | D:9      | Found a burning altar of Makhleb.
  7158 | D:9      | Found an ancient bone altar of Kikubaaqudgha.
  7306 | D:9      | XOM: swap monsters
  7584 | D:9      | Reached skill level 10 in Fighting
  7779 | D:9      | XOM is BORED!
  7779 | D:9      | XOM: mild Necr miscast
  7795 | D:10     | Entered Level 10 of the Dungeon
  7802 | D:10     | XOM: draining
  7877 | D:10     | XOM: enchant monster (good)
  7893 | D:10     | Reached skill level 5 in Armour
  7893 | D:10     | Reached skill level 4 in Dodging
  7972 | D:10     | Found a portal to a secret trove of treasure.
  8112 | D:10     | Found a staircase to the Orcish Mines.
  8120 | D:10     | Found a roughly hewn altar of Beogh.
  8131 | D:10     | XOM: mild Tmut miscast
  8268 | D:10     | XOM: summons 3 hostile shadow creatures
  8273 | D:10     | Reached XP level 11. HP: 96/101 MP: 10/10
  8431 | D:10     | XOM: 1-stop teleportation journey
  8469 | D:10     | XOM: harmless Tmut miscast
  8517 | D:10     | XOM: mild Ice miscast
  8720 | D:10     | Noticed a death knight
  8720 | D:10     | Noticed a skeletal warrior
  8721 | D:10     | XOM: confusion (+ monsters)
  8741 | D:10     | XOM: confusion
  8745 | D:10     | XOM: fog
  8771 | Lair:1   | Entered Level 1 of the Lair of Beasts
  8912 | Lair:1   | Reached skill level 16 in Axes
  8994 | Lair:1   | Reached skill level 6 in Armour
  8994 | Lair:1   | Reached skill level 5 in Dodging
  9021 | Lair:1   | XOM: enchant monster (good)
  9027 | Lair:1   | XOM: give mutation
  9027 | Lair:1   | Lost mutation: Your spells are a little harder to cast, but a little more powerful. [Xom's mischief]
  9028 | Lair:1   | XOM: summons 3 friendly demons
  9030 | Lair:1   | XOM: summons 1 friendly demon
  9041 | Lair:1   | Noticed Grum
  9058 | Lair:1   | Killed Grum
  9121 | Lair:1   | Noticed JackS81's ghost (novice GnTm)
  9131 | Lair:1   | Killed JackS81's ghost
  9131 | Lair:1   | Reached skill level 11 in Fighting
  9439 | Lair:1   | Reached skill level 6 in Dodging
  9446 | Lair:1   | Reached skill level 7 in Armour
  9704 | Lair:1   | Noticed Fannar
  9718 | Lair:1   | XOM: confuse monster(s)
  9723 | Lair:1   | Killed Fannar
  9879 | Lair:1   | XOM: harmless Necr miscast
 10285 | Lair:2   | XOM: harmless Tloc miscast
 10286 | Lair:2   | HP: 51/102 [komodo dragon (9)]
 10646 | Lair:2   | XOM: fake destruction
 10653 | Lair:2   | Reached XP level 12. HP: 109/110 MP: 11/11
 10862 | Lair:3   | XOM: noise
 10908 | Lair:3   | Reached skill level 8 in Armour
 10908 | Lair:3   | Reached skill level 7 in Dodging
 10918 | Lair:3   | Noticed a seven-headed hydra
 10926 | Lair:3   | Killed a ten-headed hydra
 10926 | Lair:3   | Reached skill level 17 in Axes
 10970 | Lair:3   | Reached skill level 12 in Fighting
 11041 | Lair:3   | XOM: harmless Pois miscast
 11118 | Lair:3   | Found a radiant altar of Vehumet.
 11127 | Lair:3   | Found a staircase to the Shoals.
 11185 | Lair:3   | XOM: mild Chrm miscast
 11867 | Lair:4   | XOM: divination: detect items
 11868 | Lair:4   | Reached skill level 9 in Armour
 11977 | Lair:4   | XOM: harmless Tmut miscast
 12106 | Lair:4   | Reached skill level 8 in Dodging
 12167 | Lair:4   | Found a hole to the Spider Nest.
 12557 | Lair:4   | Noticed a seven-headed hydra
 12563 | Lair:4   | Killed a seven-headed hydra
 12789 | Lair:5   | Noticed Josephine
 12801 | Lair:5   | Killed Josephine
 12978 | Lair:5   | Reached skill level 1 in Shields
 13018 | Lair:5   | XOM: give mutations
 13018 | Lair:5   | Lost mutation: You are weak. (Str -2) [Xom's mischief]
 13018 | Lair:5   | Lost mutation: Scrolls take you a little longer to read. [Xom's mischief]
 13018 | Lair:5   | Lost mutation: You occasionally shout uncontrollably at your foes. [Xom's mischief]
 13166 | Lair:5   | XOM: silly message
 13173 | Lair:5   | Reached skill level 2 in Shields
 13203 | Lair:5   | Got a flickering ivory ring
 13205 | Lair:5   | Identified the ring of Qaimm {rCorr rElec Str+3 Stlth+} (You found it on level 5 of the Lair of Beasts)
 13213 | Lair:5   | XOM: fog
 13221 | Lair:5   | Noticed an entropy weaver
 13225 | Lair:5   | Reached skill level 10 in Armour
 13225 | Lair:5   | Reached skill level 9 in Dodging
 13225 | Lair:5   | Reached XP level 13. HP: 97/119 MP: 12/12
 13225 | Lair:5   | XOM: medium Conj miscast
 13227 | Lair:5   | Killed an entropy weaver
 13238 | Lair:5   | Reached skill level 13 in Fighting
 13238 | Lair:5   | Reached skill level 3 in Shields
 13240 | Lair:5   | HP: 57/122 [soldier ant (9)]
 13241 | Lair:5   | XOM: noise
 13242 | Lair:5   | Noticed an entropy weaver
 13243 | Lair:5   | XOM: noise
 13245 | Lair:5   | HP: 50/122 [soldier ant (9)]
 13246 | Lair:5   | XOM: destruction
 13251 | Lair:5   | HP: 46/122 [entropy weaver (3)]
 13253 | Lair:5   | Killed an entropy weaver
 13254 | Lair:5   | XOM: medium Air miscast
 13256 | Lair:5   | HP: 54/122 [something (3)]
 13259 | Lair:5   | Noticed zero's ghost (journeyman GrBe)
 13259 | Lair:5   | HP: 23/122 [poison (poison gas)]
 13260 | Lair:5   | Identified a scroll of acquirement
 13260 | Lair:5   | HP: 9/122 [poison (poison gas)]
 13265 | Lair:5   | HP: 6/183 [poison (poison gas)]
 13265 | Lair:5   | HP: 1/183 [black mamba (5)]
 13266 | Lair:5   | Succumbed to poison (poison gas)

Vanquished Creatures
  2 entropy weavers (Lair:5)
  Josephine (Lair:5)
  2 hydras
  Fannar (Lair:1)
  A queen ant (Lair:5)
  The ghost of JackS81 the Martial Artist, a novice GnTm of Sif Muna (Lair:1)
  Pikel (D:8)
  4 elephants (Lair:5)
  Maurice (D:8)
  2 black mambas
  A centaur skeleton (D:10)
  A rime drake (shapeshifter) (D:8)
  10 spiny frogs
  2 rime drakes
  2 komodo dragons
  A queen bee (Lair:1)
  2 trolls (D:9)
  Prince Ribbit (D:6)
  A hornet (D:9)
  Grinder (D:3)
  8 blink frogs (Lair:3)
  A polar bear (Lair:3)
  6 dream sheep (Lair:5)
  6 hippogriffs
  A redback (Lair:4)
  Grum (Lair:1)
  16 yaks
  4 wraiths (Lair:5)
  A steam dragon (Lair:5)
  2 basilisks
  The ghost of mortelune the Skirmisher, an amateur GrFi (D:4)
  8 water moccasins
  11 soldier ants (Lair:5)
  4 porcupines
  2 hell hounds (D:9)
  7 orc warriors
  A slave (D:8)
  An ice beast (D:9)
  A necrophage (D:8)
  2 phantoms (D:9)
  3 black bears
  4 ogres
  2 wolves (Lair:1)
  A centaur (D:5)
  8 crocodiles
  2 big kobolds
  12 bullfrogs
  A wyvern skeleton (D:8)
  4 scorpions
  22 killer bees (Lair:1)
  8 wights (D:10)
  2 howler monkeys
  An electric eel (D:8)
  5 crimson imps
  A quasit (D:10)
  3 jellies
  3 hounds
  A bullfrog skeleton (D:10)
  2 bullfrog zombies
  10 orc priests
  3 iguanas
  8 orc wizards
  7 worker ants
  4 gnolls (D:7)
  6 adders
  4 shadow imps
  2 worms (D:2)
  A dart slug (D:2)
  3 leopard geckos
  46 orcs
  A ball python (D:2)
  5 bats
  8 giant cockroaches
  6 goblins
  7 hobgoblins
  7 jackals
  11 kobolds
  3 quokkas
  7 frilled lizards
  A jackal skeleton (D:5)
  A leopard gecko skeleton (D:5)
  A leopard gecko zombie (D:3)
  A quokka skeleton (D:4)
  6 rats
  A plant (Lair:5)
367 creatures vanquished.

Vanquished Creatures (collateral kills)
  2 killer bees (Lair:1)
2 creatures vanquished.

Vanquished Creatures (others)
  A soldier ant (Lair:5)
  A slave (D:8)
  A quokka (D:6)
  4 fungi
  A plant (Lair:3)
8 creatures vanquished.

Grand Total: 377 creatures vanquished
